 Dungeon Crawl Stone Soup version 0.30.0-5-g1a98f26d00 (webtiles) character file.

Game seed: 13837154411685272135

49 destino the Firebug (level 3, -1/21 HPs)
             Began as an Octopode Fire Elementalist on May 11, 2023.
             Slain by a cerulean imp
             ... wielding a +2 spear
             ... summoned by Natasha
              (3 damage)
             ... on level 2 of the Dungeon.
             The game lasted 00:05:30 (1449 turns).

destino the Firebug (Octopode Fire Elementalist)    Turns: 1449, Time: 00:05:32

Health: -1/21      AC:  1    Str:  7    XL:     3   Next: 77%
Magic:  0/6        EV: 13    Int: 19    God:
Gold:   34         SH:  0    Dex: 12    Spells: 0/6 levels left

rFire   . . .        (no weapon)
rCold   . . .        (no shield)
rNeg    . . .        (helmet restricted)
rPois   .            (no amulet)
rElec   .            (no ring)
rCorr   .            (no ring)
SInv    .            (no ring)
Will    .....        (no ring)
Stlth   +++          (no ring)
HPRegen 0.23/turn    (no ring)
MPRegen 0.10/turn    (no ring)
                     (no ring)

%: no passive effects
@: very slightly contaminated, slowed, very slow
A: almost no armour, amphibious, 8 rings, camouflage 1, gelatinous body 1,
(nimble swimmer 1), tentacles
a: no special abilities


You were on level 2 of the Dungeon.
You visited 1 branch of the dungeon, and saw 2 of its levels.

You collected 34 gold pieces.

Inventory:

Missiles
 k - 3 javelins
Jewellery
 b - an amulet of guardian spirit
 e - a ring of ice
Scrolls
 l - a scroll of fear {unknown}
Potions
 a - 3 potions of magic
 c - a potion of ambrosia {unknown}
 d - a potion of lignification {unknown}
 f - a potion of might {unknown}
 g - a potion of brilliance {unknown}
 h - a potion of attraction {unknown}
 i - a potion of curing {unknown}
 j - 2 potions of cancellation {unknown}
 m - a potion of mutation {unknown}


   Skills:
 + Level 0.0 Fighting
 - Level 2.0 Dodging
 + Level 3.3 Stealth
 + Level 2.3 Spellcasting
 * Level 2.0 Conjurations
 * Level 3.6 Fire Magic


You couldn't memorise any spells.
You knew the following spells:

 Your Spells              Type           Power      Damage    Failure   Level
a - Foxfire               Conj/Fire      52%        2x1d6     4%          1
b - Scorch                Fire           32%        2d6       5%          2
c - Volatile Blastmotes   Fire/Tloc      18%        2d11      24%         3

Your spell library contained the following spells:

 Spells                   Type           Power      Damage    Failure   Level
 Apportation              Tloc           4%         N/A       17%         1
 Necrotise                Necr           8%         1d4       17%         1
 Summon Small Mammal      Summ           8%         N/A       17%         1
 Inner Flame              Hex/Fire       9%         N/A       24%         3
 Flame Wave               Conj/Fire      13%        2d6       45%         4
 Alistair's Intoxication  Tmut/Pois      1%         N/A       99%         5


Dungeon Overview and Level Annotations

Branches:
Dungeon (2/15)

Altars:

Annotations:
D:2 Natasha


Innate Abilities, Weirdness & Mutations

You cannot wear most types of armour.
You are amphibious.
You can wear up to eight rings at the same time.
Your skin changes colour to match your surroundings (Stealth+).
Your rubbery body absorbs attacks. (AC +1, EV +1)
((You are camouflaged when in or above water. (Stealth+)))
You have tentacles for arms and can constrict up to eight enemies at once.


Message History

The bat is severely wounded.
The bat barely misses you.
You conjure some foxfire!
The foxfire hits the bat.
You kill the bat!
Your foxfire dissipates!
Your magical contamination has completely faded away.
Natasha, Servant of Life and Death comes into view.
You conjure some foxfire!
Natasha closely misses you.
Casting: Foxfire (safe; 4% risk of failure)
Confirm with . or Enter, or press ? or * to list all spells.
You miscast Scorch.
You are very lightly contaminated with residual magic.
Nothing appears to happen.
The foxfire hits Natasha.
Natasha is lightly wounded.
Natasha stares at you and mumbles some strange words.
The magic dart hits you!
You conjure some foxfire!
Natasha claws you.
Casting: Foxfire (safe; 4% risk of failure)
Confirm with . or Enter, or press ? or * to list all spells.
Flames lash Natasha.
Natasha is severely wounded.
Natasha's fire resistance burns away.
The foxfire hits Natasha.
Natasha is burned terribly!
Natasha is almost dead.
Natasha claws you!
* * * LOW HITPOINT WARNING * * *
You aren't carrying any items that you can evoke.
Unknown command.
You tentacle-slap Natasha but do no damage.
You grab Natasha.
Natasha is almost dead.
You constrict Natasha, but do no damage.
Natasha mumbles some strange words.
You barely miss Natasha.
Natasha is almost dead.
You constrict Natasha.
Natasha stares at you and mumbles some strange words.
You feel yourself slow down.
The cerulean imp hits you with a +2 spear.
You die...

.............+...#
####.........##..#
#............+...#
#.###[.......###.#
# #........# #.#
##.##..### #.#
#.##.## #.# #.##.#
#5# #.##.# #@#
..##.# #.h......
####.# #########
#.# ##.# ###..#
######...#####
..).............
####..##########


You could see Natasha (combustible) and a cerulean imp (summoned).

Vanquished Creatures
  A worm (D:2)
  A dart slug (D:1)
  4 bats
  An endoplasm (D:1)
  2 giant cockroaches (D:1)
  4 goblins (D:1)
  3 hobgoblins
  7 jackals
  3 kobolds
  2 quokkas (D:1)
  2 ball pythons (D:1)
  5 frilled lizards
  4 rats (D:1)
39 creatures vanquished.

Vanquished Creatures (others)
  128 foxfires
128 creatures vanquished.

Grand Total: 167 creatures vanquished

Notes
Turn   | Place    | Note
-------+----------+-------------------------------------------
     0 | D:1      | destino the Octopode Fire Elementalist began the quest for
                  | the Orb.
     0 | D:1      | Reached XP level 1. HP: 11/11 MP: 3/3
   138 | D:1      | Reached XP level 2. HP: 17/17 MP: 0/5
   148 | D:1      | Learned a level 2 spell: Scorch
   758 | D:1      | Reached XP level 3. HP: 21/21 MP: 3/6
  1133 | D:2      | Learned a level 3 spell: Volatile Blastmotes
  1443 | D:2      | Noticed Natasha
  1449 | D:2      | Slain by a cerulean imp

Illustrated notes

Levels and vault maps discovered:
D:1:      ldierk_walled_garden_2, layout_rooms, minmay_misc_feat_rugged
D:2:      layout_basic, uniq_natasha

Skill      XL: |  1  2  3 |
---------------+----------+-----
Stealth        | 3 |  3.3
Conjurations   | 2 |  2.0
Dodging        | |  2.0
Spellcasting   | |  2.3
Fire Magic     | |  3.6

Action                     || total
---------------------------++-------
  Melee: Unarmed           ||    14
         Constrict         ||     6
         Tentacles         ||     3
   Cast: Foxfire           ||    75
         Scorch            ||     1
 Armour: Skin              ||     1
  Dodge: Dodged            ||    15
